 Dungeon Crawl Stone Soup version 0.24.1-14-gf8d2b509d9 (webtiles) character file.

Game seed: 5309967640793497353, levelgen mode: deterministic

6152 billz999 the Cleaver (level 10, -1/77 (88) HPs)
             Began as a Ghoul Fighter on Dec 19, 2020.
             Was a Priest of Makhleb.
             Slain by a killer bee (3 damage)
             ... while paralysed
             ... on level 10 of the Dungeon.
             The game lasted 00:28:08 (10852 turns).

billz999 the Cleaver (Ghoul Fighter)               Turns: 10852, Time: 00:28:09

HP:   -1/77 (88)    AC: 18    Str: 22 (23) XL:     10   Next: 90%
MP:   9/9           EV:  2    Int:  0 (3)  God:    Makhleb [***...]
Gold: 222           SH:  0    Dex:  8 (9)  Spells: 9/9 levels left

rFire    . . .     SeeInvis .   t - +2 hand axe (chop)
rCold    + + .     Gourm    .   c - +0 shield
rNeg     + + +     Faith    .   E - +1 plate armour {rC+}
rPois    ∞         Spirit   .   r - +1 helmet
rElec    .         Reflect  .   s - +0 cloak {MR+}
rCorr    .         Harm     .   l - +0 pair of gloves
MR       +....                  (no boots)
Stlth    ..........             (no amulet)
HPRegen  0.00/turn              d - ring of poison resistance
MPRegen  0.11/turn              (no ring)

@: paralysed, rotting, hasted and slowed, lost intelligence
A: rotting body, claws 1, carnivore, cold resistance 1, negative energy
resistance 3, inhibited regeneration, torment resistance, unbreathing
a: Minor Destruction, Lesser Servant of Makhleb, Renounce Religion


You were on level 10 of the Dungeon.
You worshipped Makhleb.
Makhleb was most pleased with you.
You were near starving.

You visited 1 branch of the dungeon, and saw 10 of its levels.

You collected 454 gold pieces.
You spent 232 gold pieces at shops.

Inventory:

Hand Weapons
 a - a +0 war axe
 t - a +2 hand axe of chopping (weapon)
 C - a +2 war axe
 H - a +0 whip of electrocution
Missiles
 g - 180 stones (quivered)
Armour
 b - a +0 scale mail
 c - a +0 shield (worn)
 i - a +0 cloak
 l - a +0 pair of gloves (worn)
 r - a +1 helmet (worn)
 s - a +0 cloak of magic resistance (worn)
 y - a +0 chain mail of poison resistance
 E - a +1 plate armour of cold resistance (worn)
 J - the +2 cloak "Feahiypn" {*Slow rN++ Int+3}
   (You found it on level 10 of the Dungeon)

   It affects your intelligence (+3).
   It greatly protects you from negative energy.
   It may slow you when you take damage.
Jewellery
 d - a ring of poison resistance (left hand)
Wands
 x - a wand of iceblast (7)
 D - a wand of polymorph (8)
 G - a wand of enslavement (10)
Scrolls
 e - 5 scrolls of identify
 j - a scroll of immolation
 k - 2 scrolls of amnesia
 n - a scroll of fog
 w - a scroll of random uselessness
 z - a scroll of enchant weapon {unknown}
 A - a scroll of enchant armour {unknown}
Potions
 h - 2 potions of mutation
 m - 3 potions of curing
 o - a potion of brilliance
 p - a potion of flight
 u - 3 potions of lignification
 B - a potion of cancellation
 I - 2 potions of resistance
Comestibles
 f - 17 rations


   Skills:
 + Level 8.0 Fighting
 * Level 8.8 Axes
 + Level 6.6 Armour
 + Level 5.8 Dodging
 + Level 6.5 Shields


You had 9 spell levels left.
You didn't know any spells.
Your spell library contained the following spells:

 Spells                   Type           Power        Failure   Level  Hunger
 Corona                   Hex            #......      100%        1    ##.....
 Flame Tongue             Conj/Fire      #....        100%        1    ##.....
 Ensorcelled Hibernation  Hex/Ice        #.....       100%        2    ###....
 Throw Flame              Conj/Fire      #.....       100%        2    ###....
 Confuse                  Hex            #.......     100%        3    ####...
 Conjure Flame            Conj/Fire      #.......     100%        3    ####...
 Dazzling Spray           Conj/Hex       #.....       100%        3    ####...
 Inner Flame              Hex/Fire       #.......     100%        3    ####...
 Tukima's Dance           Hex            #.......     100%        3    ####...
 Sticky Flame             Conj/Fire      #.......     100%        4    #####..
 Fireball                 Conj/Fire      #.........   100%        5    ######.


Dungeon Overview and Level Annotations

Branches:
Dungeon (10/15)            Temple (0/1) D:5
   Lair: D:8-11         Orc: D:9-12

Altars:
Dithmenos
Gozag
Makhleb
Ru
Sif Muna
Trog
Yredelemnul
Zin
The Shining One

Shops:
D:5 *   D:6 [


Innate Abilities, Weirdness & Mutations

Your body is rotting away.
You thrive on raw meat.
You are immune to poison.
You have sharp fingernails.
You are carnivorous and can eat meat at any time.
Your flesh is cold resistant. (rC+)
You are immune to negative energy. (rN+++)
You do not regenerate when monsters are visible.
You are immune to unholy pain and torment.
You can survive without breathing.


Message History

The killer bee stings you.
* * * LOW HITPOINT WARNING * * *
You block the killer bee's attack. The killer bee closely misses you.
As you read the scroll of fog, it crumbles to dust.
The scroll dissolves into smoke.
The killer bee completely misses you. You block the killer bee's attack.
The killer bee stings you but does no damage.
You barely miss the killer bee. The killer bee stings you.
* * * LOW HITPOINT WARNING * * *
The killer bee stings you but does no damage.
Okay, then.
Okay, then.
It was a potion of haste.
You feel yourself speed up.
The killer bee stings you but does no damage. x2
It was a potion of degeneration.
There was something very wrong with that liquid.
You feel weakened.
You feel dopey.
You have lost your intelligence.
You feel clumsy. The killer bee stings you.
You die...

####### ########
..#...#....#...#......#
..#>..#....#O..#......#
..#...#....#...#......# ..
..#...#....#...#......#...
......#....#...#§§§.......
......#..).#...#@§§...######
......#....#...#y§§........#
..#####........§§§#####....###
###........######§§...........
........###########...........
........####...!####..........
..####.###........###.........
.......##...#..#..:##......#.
###...###..##.t##..###.....###


You could see a killer bee.

Vanquished Creatures
  Erica (D:10)
  Pikel (D:8)
  A spriggan (D:7)
  Eustachio (D:5)
  4 wyverns
  6 sky beasts
  A phantom (D:9)
  An ice beast (D:5)
  3 orc warriors (D:5)
  A black bear (D:5)
  5 ogres
  2 centaurs
  Blork the orc (D:6)
  3 bullfrogs
  A wyvern zombie (D:6)
  A gnoll sergeant (D:5)
  2 scorpions
  5 wights
  7 howler monkeys
  8 crimson imps
  A quasit (D:8)
  A centaur zombie (D:9)
  6 hounds
  2 orc priests
  4 jellies
  3 bullfrog skeletons
  7 orc wizards
  4 worker ants
  2 iguanas
  A hound skeleton (D:4)
  2 worker ant zombies
  3 gnolls (D:6)
  15 adders
  2 shadow imps (D:9)
  2 oozes
  3 adder skeletons
  2 adder zombies
  2 worms (D:4)
  A leopard gecko (D:2)
  23 orcs
  9 bats
  7 giant cockroaches
  8 goblins
  11 hobgoblins
  26 jackals
  15 kobolds
  6 quokkas
  9 frilled lizards
  A jackal skeleton (D:5)
  5 rats
238 creatures vanquished.

Vanquished Creatures (others)
  An unseen horror (D:10)
1 creature vanquished.

Grand Total: 239 creatures vanquished

Notes
Turn   | Place    | Note
-------+----------+-------------------------------------------
     0 | D:1      | billz999 the Ghoul Fighter began the quest for the Orb.
     0 | D:1      | Reached XP level 1. HP: 19/19 MP: 0/0
   507 | D:1      | Reached XP level 2. HP: 26/26 MP: 1/1
   699 | D:1      | You fall into a shaft and drop 1 floor!
   783 | D:2      | Found a sacrificial altar of Ru.
   797 | D:2      | Reached XP level 3. HP: 30/31 MP: 2/2
   879 | D:2      | Noticed a scorpion
   986 | D:2      | Killed a scorpion
   986 | D:2      | Reached skill level 1 in Dodging
   986 | D:2      | Reached XP level 4. HP: 31/40 MP: 3/3
  1225 | D:2      | Reached XP level 5. HP: 30/46 MP: 4/4
  1516 | D:2      | You fall into a shaft and drop 2 floors!
  2112 | D:3      | Reached XP level 6. HP: 50/51 MP: 5/5
  2179 | D:3      | Found a glowing silver altar of Zin.
  3124 | D:4      | Reached XP level 7. HP: 60/60 MP: 6/6
  3368 | D:4      | Found a basalt altar of Yredelemnul.
  3368 | D:4      | Found a shadowy altar of Dithmenos.
  3368 | D:4      | Found a burning altar of Makhleb.
  3386 | D:4      | Became a worshipper of Makhleb the Destroyer
  3731 | D:5      | Entered Level 5 of the Dungeon
  4411 | D:5      | Noticed Eustachio
  4915 | D:5      | Reached skill level 5 in Fighting
  4915 | D:5      | Reached XP level 8. HP: 68/68 MP: 7/7
  4928 | D:5      | Found a staircase to the Ecumenical Temple.
  5008 | D:5      | Reached skill level 5 in Axes
  5090 | D:5      | Found an opulent altar of Gozag.
  5092 | D:5      | Found Gozag's Platinum Reserve.
  6101 | D:5      | Killed Eustachio
  6811 | D:6      | Found Cyileg's Antique Armour Boutique.
  6960 | D:5      | Reached XP level 9. HP: 40/75 MP: 8/8
  7140 | D:6      | Noticed Blork the orc
  7159 | D:6      | Killed Blork the orc
  7159 | D:6      | Reached skill level 5 in Armour
  7163 | D:6      | Reached * piety under Makhleb
  7163 | D:6      | Reached skill level 5 in Shields
  8048 | D:6      | Bought a runed chain mail for 232 gold pieces
  8867 | D:7      | Reached ** piety under Makhleb
  9119 | D:8      | Reached XP level 10. HP: 81/86 MP: 9/9
  9133 | D:8      | Reached skill level 5 in Dodging
  9663 | D:8      | Found a glowing golden altar of the Shining One.
  9843 | D:9      | Found a shimmering blue altar of Sif Muna.
  9845 | D:9      | Found a bloodstained altar of Trog.
 10189 | D:9      | Noticed Pikel
 10217 | D:8      | Killed Pikel
 10445 | D:10     | Entered Level 10 of the Dungeon
 10449 | D:10     | Noticed Erica
 10468 | D:10     | Killed Erica
 10540 | D:10     | Identified the +2 great sword of Ucuast {slice, Str+2}
 10540 | D:10     | Noticed an ogre mage
 10694 | D:10     | Got an ichor-stained cloak
 10705 | D:10     | Identified the +2 cloak "Feahiypn" {*Slow rN++ Int+3} (You
                  | found it on level 10 of the Dungeon)
 10808 | D:10     | Reached *** piety under Makhleb
 10815 | D:10     | Noticed a centaur warrior
 10819 | D:10     | Noticed a two-headed ogre
 10828 | D:10     | Killed an unseen horror
 10850 | D:10     | HP: 2/77 [killer bee (2)]
 10852 | D:10     | Lost intelligence.
 10852 | D:10     | Slain by a killer bee

Levels and vault maps discovered:
D:1:      tarquinn_simple_flora_water_e, layout_loops_ring
D:2:      layout_basic, overflow_temple_1_default
D:3:      layout_loops_ring, lemuel_coloured_pillars_altar
D:4:      layout_loops_ring, gammafunk_temple_overflow_forgotten, first_ration
D:5:      corexii_shack_village, layout_basic, nicolae_gozag_zags_fifth_avenue,
          minmay_temple_entry_ruins, ebering_dispersal_statue_hall,
          sword_in_stone
D:6:      layout_rooms, serial_shops, shop, uniq_blork_the_orc
D:7:      layout_basic, the_bakery
D:8:      layout_basic, basic_altar
D:9:      layout_cave_pools, chequers_temple_overflow_statue_of_worship,
          uniq_pikel
D:10:     layout_grid_maze, minmay_mirror_moons_of_madness, uniq_erica

Skill      XL: |  1  2  3  4  5  6  7  8  9 10 |
---------------+-------------------------------+-----
Axes           | 2 3 4 6 7 8 |  8.8
Armour         | 3 4 5 6 |  6.6
Dodging        | 1 2 3 4 5 |  5.8
Shields        | 3 4 5 6 |  6.5
Fighting       | 4 5 7 8 |  8.0

Action                   |  1- 3 |  4- 6 |  7- 9 | 10-12 || total
-------------------------+-------+-------+-------+-------++-------
Melee: War axe           |   109 |   290 |   442 |       ||   841
       Hand axe          |       |       |   259 |   248 ||   507
       Whip              |       |       |       |     8 ||     8
Throw: Stone             |       |    50 |   104 |    17 ||   171
  Use: Potion            |     1 |       |     7 |     2 ||    10
       Scroll            |       |     3 |    13 |     2 ||    18
  Eat: Chunk             |     2 |    16 |    35 |     1 ||    54
Armor: Scale mail        |    57 |   155 |   271 |       ||   483
       Chain mail        |       |       |    57 |    17 ||    74
       Plate armour      |       |       |       |   112 ||   112
Dodge: Dodged            |    42 |   131 |   224 |    62 ||   459
Block: Shield            |    63 |   169 |   338 |   128 ||   698
